 Dungeon Crawl Stone Soup version 0.32-a0-928-g1cae6b7ea0 (webtiles) character file.

Game seed: 14569195338767515611

42 esteth the Magician (level 3, 0/25 HPs)
             Began as a Gnoll Hedge Wizard on Apr 12, 2024.
             Slain by Terence
             ... wielding a +0 short sword
              (4 damage)
             ... on level 2 of the Dungeon.
             The game lasted 00:03:38 (1544 turns).

esteth the Magician (Gnoll Hedge Wizard)            Turns: 1544, Time: 00:03:39

Health: 0/25       AC:  2    Str:  9    XL:     3   Next: 56%
Magic:  2/11       EV: 12    Int: 15    God:
Gold:   43         SH:  0    Dex: 11    Spells: 13/16 levels left

rFire   . . .        j - +0 hand axe
rCold   . . .        (no shield)
rNeg    . . .        b - +0 robe
rPois   .            c - +0 hat
rElec   .            (no cloak)
rCorr   .            (no gloves)
SInv    .            (no boots)
Will    .....        (no amulet)
Stlth   ++           (no ring)
HPRegen 0.24/turn    (no ring)
MPRegen 0.12/turn

%: no passive effects
@: no status effects
A: fangs 1, strong nose, distributed training
a: no special abilities


You were on level 2 of the Dungeon.
You visited 1 branch of the dungeon, and saw 2 of its levels.

You collected 43 gold pieces.


Innate Abilities, Weirdness & Mutations

You have very sharp teeth.
Your uncanny sense of smell can sniff out nearby items.
Your experience applies equally to all skills.


   Skills:
 + Level 0.9 Fighting
 + Level 0.9 Short Blades
 + Level 0.9 Long Blades
 + Level 0.9 Axes
 + Level 0.9 Maces & Flails
 + Level 0.9 Polearms
 + Level 0.9 Staves
 + Level 0.9 Ranged Weapons
 + Level 0.9 Throwing
 + Level 0.9 Armour
 + Level 4.5 Dodging
 + Level 4.2 Stealth
 + Level 0.9 Shields
 + Level 0.9 Unarmed Combat
 + Level 7.1 Spellcasting
 + Level 2.1 Conjurations
 + Level 0.6 Hexes
 + Level 2.1 Summonings
 + Level 0.6 Necromancy
 + Level 2.1 Translocations
 + Level 0.6 Fire Magic
 + Level 0.6 Ice Magic
 + Level 0.6 Air Magic
 + Level 0.6 Earth Magic
 + Level 0.6 Alchemy
 + Level 1.0 Invocations
 + Level 0.9 Evocations
 + Level 0.7 Shapeshifting


You had 13 spell levels left.
You knew the following spells:

 Your Spells              Type           Power      Damage    Failure   Level
c - Call Imp              Summ           22%        N/A       9%          2
m - Magic Dart            Conj           44%        1d5       5%          1

Your spell library contained the following spells:

 Spells                   Type           Power      Damage    Failure   Level
 Blink                    Tloc           22%        N/A       9%          2
 Slow                     Hex            28%        N/A       10%         1
 Cigotuvi's Dreadful Rot  Necr/Alch/Air  14%        N/A       16%         2
 Ensorcelled Hibernation  Hex/Ice        14%        N/A       16%         2
 Mephitic Cloud           Conj/Alch/Air  8%         N/A       24%         3
 Fugue of the Fallen      Necr           7%         N/A       30%         3
 Anguish                  Hex/Necr       3%         N/A       69%         4

Inventory:

Hand Weapons
 a - a +0 dagger
 j - a +0 hand axe (weapon)
   (You found it on level 1 of the Dungeon)
Missiles
 f - 11 stones
Armour
 b - a +0 robe (worn)
 c - a +0 hat (worn)
Scrolls
 e - 2 scrolls of revelation {unknown}
 g - 2 scrolls of identify {unknown}
 l - a scroll of fog {unknown}
Potions
 d - a potion of magic
 h - a potion of curing {unknown}
 k - a potion of lignification {unknown}

Dungeon Overview and Level Annotations

Branches:
Dungeon (2/15) Zot: 10434

Altars:

Annotations:
D:1 exclusion: 2 downstairs
D:2 Sigmund, Terence

...........@........##>
..........######...## .
...................#
##...#.....####...... .
########........##..#
.. ##...##...# ..# #.#
##5.........# ..#
#...#.@..)####... .##
#.†@# ... ##.†# ##..
###. .. ##


You could see Terence (ally target) and a friendly cerulean imp (summoned).


Message History

😕 MP[-1]
You lost 1 mp, and now have 7/11 mp.
Casting: Magic Dart (safe; 5% risk of failure)
Confirm with . or Enter, or press ? or * to list all spells.
You can't see any susceptible monsters within range! (Use Z to cast anyway.) Unknown command.
You start resting.
Terence is nearby!
Casting: Magic Dart (safe; 5% risk of failure)
Confirm with . or Enter, or press ? or * to list all spells.
Aiming: Magic Dart (safe; 5% risk of failure)
Press: ? - help, Shift-Dir - straight line, f - Terence
Aim: Terence, wielding a +0 short sword and wearing a +0 ring mail (100% to hit)
The magic dart hits Terence but does no damage. 😕 HP[+1] MP[-1]
You lost 1 mp, and now have 6/11 mp.
Casting: Magic Dart (safe; 5% risk of failure)
Confirm with . or Enter, or press ? or * to list all spells.
Aiming: Magic Dart (safe; 5% risk of failure)
Press: ? - help, Shift-Dir - straight line, f/p - Terence
Aim: Terence, wielding a +0 short sword and wearing a +0 ring mail (100% to hit)
The magic dart hits Terence but does no damage. 😕 MP[-1]
You lost 1 mp, and now have 5/11 mp.
Casting: Magic Dart (safe; 5% risk of failure)
Confirm with . or Enter, or press ? or * to list all spells.
A tiny devil pulls itself out of the air. 😕 MP[-2]
You lost 2 mp, and now have 3/11 mp.
Your cerulean imp barely misses Terence.
Casting: Call Imp (safe; 9% risk of failure)
Confirm with . or Enter, or press ? or * to list all spells.
Aiming: Magic Dart (safe; 5% risk of failure)
Press: ? - help, Shift-Dir - straight line, f/p - Terence
Aim: Terence, wielding a +0 short sword and wearing a +0 ring mail (ally target, 100% to hit)
The magic dart hits Terence.
Your cerulean imp barely misses Terence. 😕 HP[+1] MP[-1]
You lost 1 mp, and now have 2/11 mp.
Casting: Magic Dart (safe; 5% risk of failure)
Confirm with . or Enter, or press ? or * to list all spells.
Aiming: Magic Dart (safe; 5% risk of failure)
Press: ? - help, Shift-Dir - straight line, f/p - Terence
Aim: Terence, wielding a +0 short sword and wearing a +0 ring mail (lightly wounded, ally target, 100% to hit)
The magic dart hits Terence but does no damage.
Terence says, "You're history."
Terence hits you with a +0 short sword.
Your cerulean imp closely misses Terence. 😮 HP[-5]
You take 5 damage, and now have 18/25 hp.
Casting: Magic Dart (safe; 5% risk of failure)
Confirm with . or Enter, or press ? or * to list all spells.
Aiming: Magic Dart (safe; 5% risk of failure)
Press: ? - help, Shift-Dir - straight line, f/p - Terence
Aim: Terence, wielding a +0 short sword and wearing a +0 ring mail (lightly wounded, ally target, 100% to hit)
The magic dart hits Terence but does no damage.
Terence hits you with a +0 short sword.
Your cerulean imp hits Terence but does no damage. 😮 HP[-2] MP[-1]
You take 2 damage, and now have 16/25 hp.
You lost 1 mp, and now have 1/11 mp.
You are too injured to fight recklessly!
You are too injured to fight recklessly!
You are too injured to fight recklessly!
You barely miss Terence. Terence closely misses you.
Your cerulean imp closely misses Terence.
You hit Terence but do no damage. Terence hits you with a +0 short sword.
Your cerulean imp hits Terence with a -3 spear. 😮 HP[-2]
You take 2 damage, and now have 14/25 hp.
You hit Terence but do no damage. You bite Terence, but do no damage.
Terence closely misses you.
Your cerulean imp hits Terence but does no damage.
Terence closely misses your cerulean imp.
You hit Terence but do no damage.
Your cerulean imp hits Terence but does no damage.
Terence barely misses you.
Your cerulean imp hits Terence but does no damage.
You hit Terence but do no damage. Terence hits you with a +0 short sword.
* * * LOW HITPOINT WARNING * * *
Your cerulean imp hits Terence but does no damage. 😨 HP[-4]
You take 4 damage, and now have 10/25 hp.
You hit Terence but do no damage. Terence misses you.
Your cerulean imp hits Terence with a -3 spear. 😨 HP[+1] MP[+1]
You barely miss Terence. Your bite misses Terence.
Terence hits you with a +0 short sword.
* * * LOW HITPOINT WARNING * * *
Your cerulean imp hits Terence but does no damage.
Terence hits you with a +0 short sword.
* * * LOW HITPOINT WARNING * * *
😱 HP[-7]
You take 7 damage, and now have 4/25 hp.
MASSIVE DAMAGE!! (PAUSE)
You hit Terence but do no damage. You bite Terence, but do no damage.
Your cerulean imp barely misses Terence.
Terence hits you with a +0 short sword.
You die...
Terence says, "Time to find some more victims."

Skill      XL: |  1  2  3 |
---------------+----------+-----
Conjurations   | 2 |  2.1
Summonings     | 2 |  2.1
Translocations | 2 |  2.1
Invocations    | 1 |  1.0
Fighting       | |  0.9
Short Blades   | |  0.9
Long Blades    | |  0.9
Axes           | |  0.9
Maces & Flails | |  0.9
Polearms       | |  0.9
Staves         | |  0.9
Ranged Weapons | |  0.9
Throwing       | |  0.9
Armour         | |  0.9
Dodging        | |  4.5
Stealth        | |  4.2
Shields        | |  0.9
Unarmed Combat | |  0.9
Spellcasting   | |  7.1
Hexes          | |  0.6
Necromancy     | |  0.6
Fire Magic     | |  0.6
Ice Magic      | |  0.6
Air Magic      | |  0.6
Earth Magic    | |  0.6
Alchemy        | |  0.6
Evocations     | |  0.9
Shapeshifting  | |  0.7

Action                     || total
---------------------------++-------
  Melee: Dagger            ||    11
         Bite              ||     4
         Hand axe          ||    15
   Cast: Magic Dart        ||    93
         Call Imp          ||     3
    Use: Potion            ||     1
 Armour: Robe              ||    40
  Dodge: Dodged            ||    53

Levels and vault maps discovered:
D:1:      dpeg_arrival_long_road, layout_loops_cross
D:2:      layout_rooms, minmay_misc_feat_more_columns, uniq_sigmund,
          uniq_terence

Notes
Turn   | Place    | Note
-------+----------+-------------------------------------------
     0 | D:1      | esteth the Gnoll Hedge Wizard began the quest for the Orb.
     0 | D:1      | Reached XP level 1. HP: 13/13 MP: 8/8
     0 | D:1      | magus.rc [v1.11.3]
   132 | D:1      | You pick up a book of Dreams and begin reading...
   132 | D:1      | You add the spells Ensorcelled Hibernation, Fugue of the
                  | Fallen and Anguish to your library.
   149 | D:1      | HP: 1/13 [hobgoblin (5)]
   239 | D:1      | Reached skill level 2 in Conjurations
   239 | D:1      | Reached skill level 2 in Summonings
   239 | D:1      | Reached skill level 2 in Translocations
   412 | D:1      | Reached XP level 2. HP: 19/19 MP: 6/10
   955 | D:1      | Learned a level 2 spell: Call Imp
  1117 | D:2      | Noticed Sigmund
  1169 | D:1      | Reached XP level 3. HP: 20/25 MP: 6/11
  1253 | D:2      | Reached skill level 1 in Invocations
  1258 | D:2      | HP: 6/25 [quokka (3)]
  1365 | D:2      | Noticed Terence
  1445 | D:2      | HP: 6/25 [ribbon worm (5)]
  1543 | D:2      | HP: 4/25 [Terence/+0 short sword (4)]
  1544 | D:2      | Slain by Terence

Vanquished Creatures
  An adder (D:1)
  2 ribbon worms (D:2)
  A dart slug (D:1)
  A bat (D:1)
  3 endoplasms
  3 giant cockroaches (D:1)
  A goblin (D:1)
  A hobgoblin (D:1)
  4 quokkas
  A ball python (D:1)
  3 frilled lizards (D:1)
  2 rats
23 creatures vanquished.

Vanquished Creatures (collateral kills)
  An endoplasm (D:2)
1 creature vanquished.

Grand Total: 24 creatures vanquished

Table legend:
 A = Non-vault XP
 B = Vault XP
 C = Vault XP percentage of total XP
 D = Non-vault monster count
 E = Vault monster count
 F = Vault count percentage of total count
                 A         B        C        D         E       F
            +---------+---------+-------+---------+---------+-------
      Total |      61 |       0 |   0.0 |      24 |       0 |   0.0
            +---------+---------+-------+---------+---------+-------
        D:1 |      38 |       0 |   0.0 |      15 |       0 |   0.0
        D:2 |      23 |       0 |   0.0 |       9 |       0 |   0.0
            +---------+---------+-------+---------+---------+-------

Skill      XL: |  1  2  3 |
---------------+----------+-----
Conjurations   | 2 |  2.1
Summonings     | 2 |  2.1
Translocations | 2 |  2.1
Invocations    | 1 |  1.0
Fighting       | |  0.9
Short Blades   | |  0.9
Long Blades    | |  0.9
Axes           | |  0.9
Maces & Flails | |  0.9
Polearms       | |  0.9
Staves         | |  0.9
Ranged Weapons | |  0.9
Throwing       | |  0.9
Armour         | |  0.9
Dodging        | |  4.5
Stealth        | |  4.2
Shields        | |  0.9
Unarmed Combat | |  0.9
Spellcasting   | |  7.1
Hexes          | |  0.6
Necromancy     | |  0.6
Fire Magic     | |  0.6
Ice Magic      | |  0.6
Air Magic      | |  0.6
Earth Magic    | |  0.6
Alchemy        | |  0.6
Evocations     | |  0.9
Shapeshifting  | |  0.7

Action                     || total
---------------------------++-------
  Melee: Dagger            ||    11
         Bite              ||     4
         Hand axe          ||    15
   Cast: Magic Dart        ||    93
         Call Imp          ||     3
    Use: Potion            ||     1
 Armour: Robe              ||    40
  Dodge: Dodged            ||    53

Illustrated notes

Table legend:
 A = Kills in this place as a percentage of kills in the entire game.
 B = Kills by you in this place as a percentage of kills by you in the entire game.
 C = Kills by friends in this place as a percentage of kills by friends in the entire game.
 D = Other kills in this place as a percentage of other kills in the entire game.
 E = Experience gained in this place as a percentage of experience gained in the entire game.
 F = Experience gained in this place divided by the number of levels of this place that you have seen.
                   A       B       C       D       E      F
               +-------+-------+-------+-------+-------+----------------------
         Total | 100.0 | 100.0 | 100.0 |   N/A | 100.0 |  30.5
       Dungeon | 100.0 | 100.0 | 100.0 |   N/A | 100.0 |  30.5
               +-------+-------+-------+-------+-------+----------------------

Table legend: (Time is in decaauts)
 A = Elapsed time spent in this place.
 B = Non-inter-level travel time spent in this place.
 C = Inter-level travel time spent in this place.
 D = Time resting spent in this place.
 E = Time spent auto-exploring this place.
 F = Levels seen in this place.
 G = Mean time per level.
                   A        B        C        D        E       F      G
               +--------+--------+--------+--------+--------+-----+--------+
         Total |   1563 |   1421 |    142 |    174 |    968 |   2 |  781.5 |
       Dungeon |   1563 |   1421 |    142 |    174 |    968 |   2 |  781.5 |
               +--------+--------+--------+--------+--------+-----+--------+

Top non-repeatable levels by time:
     D:1: 1241 daAuts
     D:2: 322 daAuts
